 Dungeon Crawl Stone Soup version 0.31-a0-174-g85c54bcb58 (webtiles) character file.

Game seed: 1152162692856080308

5196 qw the Cleaver (level 10, -4/65 HPs)
             Began as a Gargoyle Fighter on June 15, 2023.
             Slain by a two-headed ogre
             ... wielding a +0 giant spiked club
              (8 damage)
             ... on level 9 of the Dungeon.
             The game lasted 00:03:56 (7545 turns).

qw the Cleaver (Gargoyle Fighter)                   Turns: 7545, Time: 00:03:57

Health: -4/65      AC: 22    Str: 23    XL:     10   Next: 60%
Magic:  10/10      EV: 11    Int: 10    God:
Gold:   483        SH:  5    Dex: 13    Spells: 9/9 levels left

rFire   + . .        Y - +1 war axe (drain)
rCold   + . .        c - +0 buckler
rNeg    + + +        a - +2 scale mail {rC+}
rPois   inf          j - +1 helmet
rElec   +            (no cloak)
rCorr   .            o - +1 pair of gloves "Pyxt" {Contam rN++}
SInv    .            g - +0 pair of boots
Will    +....        (no amulet) Stlth
                     e - +6 ring of dexterity
HPRegen 0.30/turn    s - ring of willpower
MPRegen 0.12/turn

%: no passive effects
@: about to teleport
A: sickness immunity, AC +7, negative energy resistance 1, electricity
resistance, torment resistance 1, petrification resistance, clumsy 1, fire
resistance 1
a: no special abilities


You were on level 9 of the Dungeon.
You visited 2 branches of the dungeon, and saw 10 of its levels.

You collected 483 gold pieces.


Innate Abilities, Weirdness & Mutations

You are immune to sickness and miasma.
Your stone body is resilient. (AC +7)
You are immune to poison.
You resist negative energy. (rN+)
You are resistant to electric shocks. (rElec)
You are resistant to unholy torment.
You are immune to petrification.
You are clumsy. (Dex -2)
Your flesh is heat resistant. (rF+)


   Skills:
 + Level 8.8 Fighting
 - Level 11.0 Axes
 - Level 1.0 Throwing
 - Level 5.0 Armour
 - Level 3.0 Dodging
 - Level 5.3 Shields


You had 9 spell levels left.
You didn't know any spells.
Your spell library was empty.

Inventory:

Hand Weapons
 n - a +0 war axe of flaming
 Y - a +1 war axe of draining (weapon)
Missiles
 q - a boomerang (quivered)
Armour
 a - a +2 scale mail of cold resistance (worn)
 c - a +0 buckler (worn)
 g - a +0 pair of boots (worn)
 i - a +0 chain mail
 j - a +1 helmet (worn)
 o - the +1 pair of gloves "Pyxt" (worn) {Contam rN++}
   (You found it on level 4 of the Dungeon)

   rN:        It greatly protects you from negative energy.
   Contam:    It causes magical contamination when unequipped.
Jewellery
 e - a +6 ring of dexterity (left hand)
 r - a ring of positive energy
 s - a ring of willpower (right hand)
 t - a ring of ice
 w - a ring of flight
Scrolls
 m - 4 scrolls of identify
Potions
 b - 3 potions of curing
 d - a potion of might
 f - a potion of lignification
 h - 6 potions of mutation
 k - a potion of resistance
 l - a potion of haste {unknown}
 p - a potion of enlightenment {unknown}
 u - a potion of attraction

Dungeon Overview and Level Annotations

Branches:
Dungeon (9/15)             Temple (1/1) D:5            Lair (0/5) D:8
    Orc: D:9-12

Altars:
Cheibriados
Dithmenos
Elyvilon
Fedhas
Gozag
Hepliaklqana
Kikubaaqudgha
Makhleb
Nemelex Xobeh
Qazlal
Ru
Sif Muna
Trog
Uskayaw
Vehumet
Xom
Yredelemnul
Zin
The Shining One

Annotations:
D:3 1 runed translucent door, qw's ghost, amateur GrFi
D:5 exclusion: goblin


Message History

Enter note:
Enter note:
Enter note:
Enter note:
Enter note:
Enter note:
Enter note:
Found 15 gold pieces.
Enter note:
Enter note:
Enter note:
Enter note:
Enter note:
Enter note:
Enter note:
Enter note:
Enter note:
Enter note:
Enter note:
Enter note: You throw a boomerang.
The boomerang hits the two-headed ogre.
The two-headed ogre is lightly wounded.
The two-headed ogre hits you with a +0 giant spiked club! x2
You hit the two-headed ogre.
The two-headed ogre is lightly wounded.
You slice the two-headed ogre!! You drain the two-headed ogre.
The two-headed ogre is heavily wounded.
The two-headed ogre hits you with a +0 giant spiked club!
The two-headed ogre closely misses you.
You hit the two-headed ogre.
The two-headed ogre is heavily wounded.
The two-headed ogre hits you with a +0 giant spiked club!! x2
7544 ||| READING scroll of teleportation.
As you read the scroll of teleportation, it crumbles to dust.
You feel strangely unstable.
You barely miss the two-headed ogre.
The two-headed ogre is heavily wounded.
The two-headed ogre hits you but does no damage.
The two-headed ogre hits you with a +0 giant spiked club!
You die...

....... ### # ###....
...# ###.## ## . ...
###....###. #..#
##.......#.. #...
###........#.# #..#
##............# #..$
##............##
#.O##.............#
#..@..............#
.....#.....)..........#
... #................#
. ##.............###
#............##
##..........#
#........### ##...#..##


You could see a two-headed ogre (drained).

Vanquished Creatures
  A troll (D:9)
  5 yaks (D:8)
  2 wyverns (D:8)
  A basilisk (D:8)
  A steam dragon (D:7)
  2 water moccasins
  An orc warrior (D:9)
  2 sky beasts
  4 black bears
  2 ice beasts
  2 ogres
  4 centaurs
  A kobold brigand (D:7)
  5 bullfrogs
  4 scorpions
  2 gnoll sergeants
  6 killer bees (D:9)
  A howler monkey (D:5)
  4 hounds
  5 jellies
  An orc priest (D:7)
  A gnoll bouda (D:9)
  Ijyb (D:4)
  Natasha (twice) (D:4)
  5 iguanas
  6 orc wizards
  2 sleepcaps (D:6)
  19 gnolls
  8 adders
  A white imp (D:5)
  A dart slug (D:1)
  36 orcs
  8 endoplasms
  6 giant cockroaches
  4 goblins
  5 hobgoblins
  5 jackals
  11 quokkas
  4 ball pythons
  2 bats
  3 frilled lizards
  13 kobolds
  4 rats
203 creatures vanquished.

Vanquished Creatures (collateral kills)
  A goblin (D:5)
1 creature vanquished.

Grand Total: 204 creatures vanquished

Notes
Turn   | Place    | Note
-------+----------+-------------------------------------------
     0 | D:1      | qw the Gargoyle Fighter began the quest for the Orb.
     0 | D:1      | Reached XP level 1. HP: 14/14 MP: 1/1
     0 | D:1      | 0 ||| qw: Version: 0.2-a-29-g511e9b1
     0 | D:1      | 0 ||| qw: Game counter: 5491
     0 | D:1      | 0 ||| qw: Always use a shield: true
     0 | D:1      | 0 ||| qw: God list: Okawaru
     0 | D:1      | 0 ||| qw: Allow faded altars: false
     0 | D:1      | 0 ||| qw: Do Orc after D:15 true
     0 | D:1      | 0 ||| qw: Do second Lair branch before Depths: true
     0 | D:1      | 0 ||| qw: Lair rune preference: random
     0 | D:1      | 0 ||| qw: Plans: Normal, Zot:1-4, Slime:5, God:TSO, Crypt,
                  | Tomb, Abyss, Pan, Hells, Win
     0 | D:1      | 0 ||| PLANNING D:1-11
    63 | D:1      | Reached skill level 2 in Axes
   208 | D:1      | Reached XP level 2. HP: 15/19 MP: 2/2
   934 | D:1      | 934 ||| UPGRADING to +0 pair of boots.
   939 | D:1      | 939 ||| UPGRADING to +0 chain mail.
   949 | D:1      | 949 ||| DROPPING +0 scale mail.
   950 | D:1      | 950 ||| UPGRADING to +0 helmet.
   955 | D:1      | 955 ||| UPGRADING to +6 ring of dexterity.
   956 | D:1      | 956 ||| READING scroll labelled KEYK NAROOQ.
  1032 | D:2      | Reached skill level 3 in Axes
  1032 | D:2      | Reached XP level 3. HP: 21/23 MP: 3/3
  1476 | D:2      | 1476 ||| DROPPING +0 club.
  1744 | D:2      | 1744 ||| READING scroll labelled YBLEUL IMEAF.
  1745 | D:2      | 1745 ||| READING scroll labelled VIN JUNGUE.
  1746 | D:2      | 1746 ||| READING scroll labelled YZIWOB NEJO.
  1901 | D:3      | 1901 ||| Stepping ~*~*~tactically~*~*~ (hiding).
  1906 | D:3      | HP: 4/23 [gnoll/+2 spear of distortion (14)]
  1908 | D:3      | Reached XP level 4. HP: 5/28 MP: 4/4
  1914 | D:3      | Reached skill level 4 in Axes
  1939 | D:3      | 1939 ||| FLEEEEING.
  1940 | D:3      | 1940 ||| FLEEEEING.
  1941 | D:3      | 1941 ||| FLEEEEING.
  1942 | D:3      | 1942 ||| FLEEEEING.
  1943 | D:3      | 1943 ||| FLEEEEING.
  1944 | D:3      | 1944 ||| FLEEEEING.
  1945 | D:3      | 1945 ||| FLEEEEING.
  1946 | D:3      | 1946 ||| FLEEEEING.
  1949 | D:3      | 1949 ||| FLEEEEING.
  1950 | D:3      | 1950 ||| FLEEEEING.
  1951 | D:3      | 1951 ||| FLEEEEING.
  1952 | D:3      | 1952 ||| FLEEEEING.
  1953 | D:3      | 1953 ||| FLEEEEING.
  1954 | D:3      | 1954 ||| FLEEEEING.
  1955 | D:3      | 1955 ||| FLEEEEING.
  1958 | D:3      | 1958 ||| FLEEEEING.
  1959 | D:3      | 1959 ||| FLEEEEING.
  1962 | D:3      | 1962 ||| FLEEEEING.
  1963 | D:3      | 1963 ||| FLEEEEING.
  1964 | D:3      | 1964 ||| FLEEEEING.
  1965 | D:3      | 1965 ||| FLEEEEING.
  1966 | D:3      | 1966 ||| FLEEEEING.
  1967 | D:3      | 1967 ||| FLEEEEING.
  1968 | D:3      | 1968 ||| FLEEEEING.
  1971 | D:3      | 1971 ||| FLEEEEING.
  1972 | D:3      | 1972 ||| FLEEEEING.
  1973 | D:3      | 1973 ||| FLEEEEING.
  1976 | D:3      | 1976 ||| FLEEEEING.
  1977 | D:3      | 1977 ||| FLEEEEING.
  1978 | D:3      | 1978 ||| FLEEEEING.
  1979 | D:3      | 1979 ||| FLEEEEING.
  1980 | D:3      | 1980 ||| FLEEEEING.
  1981 | D:3      | 1981 ||| FLEEEEING.
  1982 | D:3      | 1982 ||| FLEEEEING.
  1983 | D:3      | 1983 ||| FLEEEEING.
  1984 | D:3      | 1984 ||| FLEEEEING.
  1985 | D:3      | 1985 ||| FLEEEEING.
  1986 | D:3      | 1986 ||| FLEEEEING.
  1987 | D:3      | 1987 ||| FLEEEEING.
  1990 | D:3      | 1990 ||| FLEEEEING.
  2099 | D:3      | 2099 ||| Stepping ~*~*~tactically~*~*~ (stealth).
  2152 | D:3      | Found a runed translucent door.
  2152 | D:3      | Noticed qw's ghost (amateur GrFi)
  2160 | D:3      | 2160 ||| Stepping ~*~*~tactically~*~*~ (hiding).
  2162 | D:3      | 2162 ||| Stepping ~*~*~tactically~*~*~ (hiding).
  2200 | D:3      | 2200 ||| READING scroll labelled LYTOLI EVELIDD.
  2201 | D:3      | 2201 ||| READING scroll labelled IFRILI ZATOAPI.
  2392 | D:3      | 2392 ||| DROPPING +0 mace.
  2465 | D:3      | Reached skill level 1 in Dodging
  2473 | D:3      | Found a snail-covered altar of Cheibriados.
  2473 | D:3      | Found a sacrificial altar of Ru.
  2516 | D:3      | Found a sparkling altar of Nemelex Xobeh.
  2655 | D:3      | 2655 ||| READING scroll labelled ISTRYO XUUD ASS.
  2677 | D:4      | Found a white marble altar of Elyvilon.
  2677 | D:4      | Found a glowing silver altar of Zin.
  2678 | D:4      | Found a glowing golden altar of the Shining One.
  2707 | D:4      | Reached XP level 5. HP: 32/32 MP: 5/5
  2732 | D:4      | Reached skill level 5 in Axes
  2732 | D:4      | Reached XP level 6. HP: 37/37 MP: 6/6
  2822 | D:4      | Identified the +1 pair of gloves "Pyxt" {Contam rN++}
  2841 | D:4      | Noticed Natasha
  2842 | D:4      | 2842 ||| Stepping ~*~*~tactically~*~*~ (hiding).
  2847 | D:4      | Killed Natasha
  2907 | D:4      | Noticed Ijyb
  2907 | D:4      | 2907 ||| Stepping ~*~*~tactically~*~*~ (stealth).
  2917 | D:4      | Killed Ijyb
  2964 | D:4      | 2964 ||| Stepping ~*~*~tactically~*~*~ (stealth).
  2966 | D:4      | 2966 ||| Stepping ~*~*~tactically~*~*~ (stealth).
  2969 | D:4      | 2969 ||| Stepping ~*~*~tactically~*~*~ (stealth).
  2992 | D:4      | Reached skill level 6 in Axes
  2997 | D:4      | Reached XP level 7. HP: 29/43 MP: 7/7
  3086 | D:4      | Noticed Natasha
  3092 | D:4      | Killed Natasha
  3344 | D:4      | Reached skill level 7 in Axes
  3497 | D:4      | 3497 ||| UPGRADING to +1 pair of gloves "Pyxt" {Contam
                  | rN++}.
  3502 | D:4      | 3502 ||| UPGRADING to ring of willpower.
  3503 | D:4      | 3503 ||| READING scroll labelled JUZISU XOCS.
  3504 | D:4      | 3504 ||| READING 3 scrolls labelled RORIRPH HUMOANTUI.
  3505 | D:4      | 3505 ||| READING scroll labelled ETIUDADWEB.
  3509 | D:4      | 3509 ||| READING scroll labelled YRELI AKHLE.
  3510 | D:4      | 3510 ||| DRINKING 4 coppery potions.
  3511 | D:4      | 3511 ||| DRINKING 2 bubbling coppery potions.
  3511 | D:4      | Gained mutation: You are clumsy. (Dex -2) [potion of
                  | mutation]
  3511 | D:4      | Gained mutation: Your flesh is heat resistant. (rF+)
                  | [potion of mutation]
  3512 | D:4      | 3512 ||| DRINKING 4 inky potions.
  3513 | D:4      | 3513 ||| READING 3 scrolls of identify.
  3513 | D:4      | 3513 ||| IDENTIFYING fizzy white potion
  3514 | D:4      | 3514 ||| READING 2 scrolls of identify.
  3514 | D:4      | 3514 ||| IDENTIFYING red potion
  3515 | D:4      | 3515 ||| DROPPING potion of degeneration.
  3516 | D:4      | 3516 ||| DROPPING potion of berserk rage.
  3517 | D:4      | 3517 ||| DROPPING 2 scrolls of fear.
  3530 | D:5      | Entered Level 5 of the Dungeon
  3587 | D:5      | Found a staircase to the Ecumenical Temple.
  3588 | D:5      | 3588 ||| PLANNING TEMPLE
  3594 | Temple   | Entered the Ecumenical Temple
  3594 | Temple   | Found a transporter.
  3594 | Temple   | Found a transporter.
  3596 | Temple   | Found a transporter.
  3596 | Temple   | Found a transporter.
  3606 | Temple   | 3606 ||| PLANNING D:1-11
  3855 | D:5      | HP: 7/44 [ogre/+0 giant spiked club (13)]
  3856 | D:5      | 3856 ||| READING scroll of teleportation.
  3857 | D:5      | 3857 ||| DRINKING 3 potions of heal wounds.
  3995 | D:5      | 3995 ||| READING scroll labelled WUFONA FISI.
  4100 | D:5      | 4100 ||| Stepping ~*~*~tactically~*~*~ (stealth).
  4108 | D:5      | HP: 6/44 [ogre/+0 giant spiked club (17)]
  4109 | D:5      | 4109 ||| DRINKING 2 potions of heal wounds.
  4112 | D:5      | 4112 ||| DRINKING potion of heal wounds.
  4114 | D:5      | Reached XP level 8. HP: 33/50 MP: 8/8
  4451 | D:6      | 4451 ||| DROPPING +0 hand axe.
  4452 | D:6      | 4452 ||| DROPPING +0 flail.
  4561 | D:6      | 4561 ||| READING scroll of enchant armour.
  4561 | D:6      | 4561 ||| ENCHANTING +0 helmet.
  4653 | D:6      | 4653 ||| Stepping ~*~*~tactically~*~*~ (stealth).
  4656 | D:6      | 4656 ||| Stepping ~*~*~tactically~*~*~ (stealth).
  4660 | D:6      | 4660 ||| Stepping ~*~*~tactically~*~*~ (hiding).
  4745 | D:6      | Reached skill level 8 in Axes
  4936 | D:6      | Reached skill level 6 in Fighting
  5407 | D:6      | 5407 ||| UPGRADING to +2 scale mail of cold resistance.
  5417 | D:6      | 5417 ||| DROPPING +1 helmet.
  5418 | D:6      | 5418 ||| READING scroll labelled LATUG TELO.
  5419 | D:6      | 5419 ||| READING 3 scrolls of identify.
  5419 | D:6      | 5419 ||| IDENTIFYING lumpy clear potion
  5420 | D:6      | 5420 ||| READING 2 scrolls of identify.
  5420 | D:6      | 5420 ||| IDENTIFYING purple potion
  5523 | D:7      | 5523 ||| Stepping ~*~*~tactically~*~*~ (hiding).
  5537 | D:7      | Reached skill level 9 in Axes
  5537 | D:7      | Reached XP level 9. HP: 52/55 MP: 9/9
  5578 | D:7      | 5578 ||| Stepping ~*~*~tactically~*~*~ (hiding).
  5580 | D:7      | 5580 ||| Stepping ~*~*~tactically~*~*~ (hiding).
  5581 | D:7      | 5581 ||| Stepping ~*~*~tactically~*~*~ (stealth).
  5589 | D:7      | 5589 ||| Stepping ~*~*~tactically~*~*~ (hiding).
  5599 | D:7      | 5599 ||| FLEEEEING.
  5600 | D:7      | 5600 ||| FLEEEEING.
  5601 | D:7      | 5601 ||| FLEEEEING.
  5602 | D:7      | 5602 ||| FLEEEEING.
  5603 | D:7      | 5603 ||| FLEEEEING.
  5604 | D:7      | 5604 ||| FLEEEEING.
  5605 | D:7      | 5605 ||| FLEEEEING.
  5606 | D:7      | 5606 ||| FLEEEEING.
  6016 | D:7      | 6016 ||| Stepping ~*~*~tactically~*~*~ (hiding).
  6017 | D:7      | 6017 ||| Stepping ~*~*~tactically~*~*~ (hiding).
  6296 | D:7      | 6296 ||| DRINKING 2 pink potions.
  6308 | D:8      | 6308 ||| STAIRDANCE
  6398 | D:8      | 6398 ||| STAIRDANCE
  6435 | D:8      | Reached skill level 10 in Axes
  6579 | D:8      | Found a staircase to the Lair.
  6593 | D:8      | Reached XP level 10. HP: 49/64 MP: 10/10
  6634 | D:8      | 6634 ||| FLEEEEING.
  6635 | D:8      | 6635 ||| FLEEEEING.
  6636 | D:8      | 6636 ||| FLEEEEING.
  6637 | D:8      | 6637 ||| FLEEEEING.
  6638 | D:8      | 6638 ||| FLEEEEING.
  6639 | D:8      | 6639 ||| STAIRDANCE
  6697 | D:7      | 6697 ||| DROPPING orb of guile.
  6914 | D:9      | 6914 ||| Stepping ~*~*~tactically~*~*~ (stealth).
  6916 | D:9      | 6916 ||| Stepping ~*~*~tactically~*~*~ (hiding).
  7105 | D:9      | 7105 ||| Stepping ~*~*~tactically~*~*~ (stealth).
  7107 | D:9      | 7107 ||| Stepping ~*~*~tactically~*~*~ (hiding).
  7113 | D:9      | Reached skill level 1 in Throwing
  7123 | D:9      | Reached skill level 11 in Axes
  7285 | D:9      | 7285 ||| Stepping ~*~*~tactically~*~*~ (stealth).
  7292 | D:9      | 7292 ||| Stepping ~*~*~tactically~*~*~ (stealth).
  7294 | D:9      | 7294 ||| Stepping ~*~*~tactically~*~*~ (stealth).
  7355 | D:9      | 7355 ||| Stepping ~*~*~tactically~*~*~ (stealth).
  7357 | D:9      | 7357 ||| Stepping ~*~*~tactically~*~*~ (hiding).
  7374 | D:9      | Reached skill level 3 in Dodging
  7538 | D:9      | Noticed a two-headed ogre
  7543 | D:9      | HP: 3/65 [two-headed ogre/+0 giant spiked club (18)]
  7544 | D:9      | 7544 ||| READING scroll of teleportation.
  7545 | D:9      | Slain by a two-headed ogre

Levels and vault maps discovered:
D:1:      dpeg_chamrin_arrival_tetris, layout_basic
D:2:      layout_loops_cross
D:3:      layout_loops_ring, gammafunk_temple_overflow_statue,
          lemuel_doored_altar, hellmonk_ghost_happy_afterlife,
          dreamdust_princess_bridge
D:4:      layout_rooms, good_gods_temple_1, grunt_ministairs_13,
          minmay_increasing_density, uniq_ijyb, uniq_natasha
D:5:      layout_loops_ring, kennysheep_okawaru_gauntlet,
          minmay_temple_entry_overgrown
D:6:      layout_basic, st_stairs_6, minmay_misc_feat_four_crosses
D:7:      layout_gridville
D:8:      layout_rooms, minmay_lair_entry_grove
D:9:      layout_cave_pods, orc_0_dummy, uniq_maggie
Temple:   hellmonk_temple_divided_pantheon

Skill      XL: |  1  2  3  4  5  6  7  8  9 10 |
---------------+-------------------------------+-----
Axes           | 2 3 4 5 6 7 9 10 11 | 11.0
Dodging        | 1 2 3 |  3.0
Fighting       | 4 5 6 8 |  8.8
Armour         | 4 5 |  5.0
Shields        | 5 |  5.3
Throwing       | 1 |  1.0

Action                     |  1- 3 |  4- 6 |  7- 9 | 10-12 || total
---------------------------+-------+-------+-------+-------++-------
  Melee: War axe           |    86 |   103 |   244 |   127 ||   560
  Throw: Boomerang         |       |       |       |     9 ||     9
    Use: Scroll            |     4 |     3 |    12 |     1 ||    20
         Potion            |       |       |     7 |       ||     7
   Stab: Distracted        |       |       |     1 |       ||     1
 Armour: Scale mail        |     9 |       |    81 |    80 ||   170
         Chain mail        |    46 |    42 |    56 |       ||   144
  Dodge: Dodged            |    27 |    41 |   102 |    84 ||   254
  Block: Buckler           |    14 |    30 |    42 |    54 ||   140

Table legend:
 A = Non-vault XP
 B = Vault XP
 C = Vault XP percentage of total XP
 D = Non-vault monster count
 E = Vault monster count
 F = Vault count percentage of total count
                 A         B        C        D         E       F
            +---------+---------+-------+---------+---------+-------
      Total |    4899 |    2524 |  34.0 |     177 |      27 |  13.2
            +---------+---------+-------+---------+---------+-------
        D:1 |      25 |       0 |   0.0 |      14 |       0 |   0.0
        D:2 |      41 |       0 |   0.0 |      18 |       0 |   0.0
        D:3 |      90 |       0 |   0.0 |      23 |       0 |   0.0
        D:4 |     510 |     351 |  40.8 |      22 |      12 |  35.3
        D:5 |     311 |       2 |   0.6 |       8 |       1 |  11.1
        D:6 |     697 |     131 |  15.8 |      16 |       1 |   5.9
        D:7 |    1417 |       0 |   0.0 |      33 |       0 |   0.0
        D:8 |     227 |    2040 |  90.0 |      11 |      13 |  54.2
        D:9 |    1581 |       0 |   0.0 |      32 |       0 |   0.0
            +---------+---------+-------+---------+---------+-------
